 Dungeon Crawl Stone Soup version 0.24-a0-652-g46ecf6da75 (webtiles) character file.

Game seed: 4630696944022173547, levelgen mode: deterministic

301 Gynju the Magician (level 6, -5/32 HPs)
             Began as a Deep Elf Wizard on Sept 26, 2019.
             Killed from afar by Sigmund (10 damage)
             ... with a magic dart
             ... on level 3 of the Dungeon.
             The game lasted 00:03:49 (3628 turns).

Gynju the Magician (Deep Elf Wizard)                Turns: 3628, Time: 00:03:49

Health: -5/32      AC:  2    Str:  4    XL:     6   Next: 14%
Magic:  16/16      EV: 14    Int: 25    God:
Gold:   103        SH:  0    Dex: 13    Spells: 11/16 levels left

rFire    . . .     SeeInvis .   g - +0 short sword
rCold    . . .     Gourm    .   (no shield)
rNeg     . . .     Faith    .   a - +0 robe
rPois    .         Spirit   .   b - +0 hat
rElec    .         Reflect  .   (no cloak)
rCorr    .         Harm     .   (no gloves)
MR       .....                  (no boots)
Stlth    +++.......             (no amulet)
HPRegen  0.10/turn              (no ring)
MPRegen  0.15/turn              (no ring)

@: no status effects
A: no striking features
a: no special abilities


You were on level 3 of the Dungeon.
You were not hungry.

You visited 1 branch of the dungeon, and saw 3 of its levels.

You collected 103 gold pieces.

Inventory:

Hand Weapons
 g - a +0 short sword (weapon)
Armour
 a - a +0 robe (worn)
 b - a +0 hat (worn)
Jewellery
 l - an uncursed ring of wizardry
 u - an uncursed amulet of guardian spirit {unknown}
Scrolls
 f - 2 scrolls of blinking {unknown}
 i - a scroll of identify {unknown}
 j - a scroll of remove curse {unknown}
 k - 2 scrolls of teleportation {unknown}
 m - 2 scrolls of enchant weapon {unknown}
 n - a scroll of noise {unknown}
 p - a scroll of enchant armour {unknown}
Potions
 c - a potion of flight {unknown}
 e - a potion of magic {unknown}
 h - 2 potions of heal wounds {unknown}
 o - a potion of agility {unknown}
 q - 2 potions of mutation {unknown}
 r - 2 potions of degeneration {unknown}
 s - a potion of cancellation {unknown}
Comestibles
 d - 5 rations
 t - 10 chunks of flesh


   Skills:
 - Level 4.1 Dodging
 - Level 4.4 Stealth
 - Level 5.8 Spellcasting
 + Level 4.1 Conjurations
 - Level 1.1 Summonings
 - Level 1.1 Translocations


You had 11 spell levels left.
You knew the following spells:

 Your Spells              Type           Power        Failure   Level  Hunger
a - Magic Dart            Conj           ####         1%          1    None
b - Blink                 Tloc           N/A          8%          2    None
c - Call Imp              Summ           ##......     8%          2    None

Your spell library contained the following spells:

 Spells                   Type           Power        Failure   Level  Hunger
 Conjure Flame            Conj/Fire      ###.....     10%         3    #......
 Slow                     Hex            #.......     12%         2    None
 Mephitic Cloud           Conj/Pois/Air  ##......     13%         3    #......


Dungeon Overview and Level Annotations

Branches:
Dungeon (3/15)

Altars:
Okawaru

Annotations:
D:3 1 runed translucent door, Crazy Yiuf, Sigmund


Message History

You are confused.
You're too confused to cast spells.
You bump into the rock wall.
Sigmund casts a spell at you. The magic dart hits you!
Sigmund screams, "Only death can liberate you!"
Sigmund gestures at you while chanting. The puff of flame hits you!
A hobgoblin comes into view. It is wielding a +0 club.
You feel less confused. Sigmund casts a spell at you. The magic dart hits you.
* * * LOW HITPOINT WARNING * * *
Sigmund casts a spell at you. The puff of flame misses you.
You hear a shout!
Sigmund laughs darkly.
Sigmund casts a spell at you. The magic dart hits you!
You die...

#### ##.#...#)..####÷#
###...###..#.####.#
....#..÷#.........
##..##.##...##...# ...
##..#÷#....###..# ..
#####...)#.....# #..# ..
#.......###.).## #..# #.
#........#....## ##.. #.
#...@...#.#....#####. #.##
##......##.##......... #..##
#.......#. .#...#.....
#..g####........# #...##.....
##...##..#####.#...#..##.....
##..##@## #.##.##.###.....
..####...g...#####..#.#...###.###
....................###...<......
..####........###.......######..#


You could see Sigmund and a hobgoblin.

Vanquished Creatures
  An ogre (D:3)
  An orc wizard (D:3)
  10 adders
  An ooze (D:2)
  A worm (D:2)
  3 dart slugs
  2 leopard geckos
  5 orcs
  2 giant cockroaches
  8 goblins
  10 hobgoblins
  4 jackals (D:2)
  2 quokkas (D:3)
  2 ball pythons
  13 bats
  5 frilled lizards
  8 kobolds
  6 rats
84 creatures vanquished.

Notes
Turn   | Place    | Note
-------+----------+-------------------------------------------
     0 | D:1      | Gynju the Deep Elf Wizard began the quest for the Orb.
     0 | D:1      | Reached XP level 1. HP: 10/10 MP: 7/7
   243 | D:1      | Reached XP level 2. HP: 15/15 MP: 5/9
  1101 | D:2      | Reached XP level 3. HP: 15/19 MP: 4/11
  1129 | D:2      | Reached skill level 5 in Spellcasting
  1763 | D:2      | Reached XP level 4. HP: 24/24 MP: 9/13
  2006 | D:2      | Found an iron altar of Okawaru.
  2686 | D:3      | Reached XP level 5. HP: 28/28 MP: 8/14
  2744 | D:3      | Noticed an ogre
  2754 | D:3      | Killed an ogre
  2907 | D:3      | Learned a level 2 spell: Blink
  2910 | D:3      | Learned a level 2 spell: Call Imp
  3175 | D:3      | Found a runed translucent door.
  3176 | D:3      | Noticed Crazy Yiuf
  3266 | D:3      | Reached XP level 6. HP: 13/32 MP: 0/16
  3611 | D:3      | Noticed Sigmund
  3628 | D:3      | Killed from afar by Sigmund

Levels and vault maps discovered:
D:1:      scummos_arrival_checkerplants, layout_basic
D:2:      cheibrodos_old_hovel, layout_loops_ring, okawaru_trees_1, first_ration
D:3:      layout_rooms, ashenzari_conservatory_becter, minmay_ruptured,
          uniq_crazy_yiuf_cottage, uniq_sigmund

Skill      XL: |  1  2  3  4  5 |
---------------+----------------+-----
Stealth        | 3 4 |  4.4
Dodging        | 3 4 |  4.1
Spellcasting   | 5 |  5.8
Conjurations   | 2 4 |  4.1
Summonings     | |  1.1
Translocations | |  1.1

Action                   |  1- 3 |  4- 6 || total
-------------------------+-------+-------++-------
Melee: Short sword       |    11 |       ||    11
 Cast: Magic Dart        |    99 |   110 ||   209
  Eat: Chunk             |     2 |     6 ||     8
Armor: Robe              |     6 |     2 ||     8
Dodge: Dodged            |    22 |    14 ||    36

Table legend:
 A = Non-vault XP
 B = Vault XP
 C = Vault XP percentage of total XP
 D = Non-vault monster count
 E = Vault monster count
 F = Vault count percentage of total count
                 A         B        C        D         E       F
            +---------+---------+-------+---------+---------+-------
      Total |     397 |      34 |   7.9 |      79 |       5 |   6.0
            +---------+---------+-------+---------+---------+-------
        D:1 |      39 |       0 |   0.0 |      22 |       0 |   0.0
        D:2 |     141 |       3 |   2.1 |      28 |       1 |   3.4
        D:3 |     217 |      31 |  12.5 |      29 |       4 |  12.1
            +---------+---------+-------+---------+---------+-------
